 Dungeon Crawl Stone Soup version 0.29-a0-40-g8eb35efe60 (webtiles) character file.

Game seed: 12921151895958160684

72 horus123 the Skirmisher (level 4, -1/42 HPs)
             Began as a Hill Orc Monk on Feb 1, 2022.
             Slain by an orc (3 damage)
             ... on level 3 of the Dungeon.
             The game lasted 00:04:02 (2419 turns).

horus123 the Skirmisher (Hill Orc Monk)             Turns: 2419, Time: 00:04:03

Health: -1/42      AC: 10    Str: 15    XL:     4   Next: 26%
Magic:  4/4        EV:  7    Int: 10    God:
Gold:   55         SH:  0    Dex: 13    Spells: 3/3 levels left

rFire   . . .      SeeInvis .   a - +1 hand axe
rCold   . . .      Faith    .   (no shield)
rNeg    . . .      Spirit   .   f - +0 chain mail
rPois   .          Reflect  .   d - +0 helmet
rElec   .          Harm     .   (no cloak)
rCorr   .          Rampage  .   (no gloves)
Will    .....                   (no boots)
Stlth   ..........              (no amulet)
HPRegen 0.14/turn               (no ring)
MPRegen 0.09/turn               (no ring)

@: no status effects
A: no striking features
a: no special abilities


You were on level 3 of the Dungeon.
You visited 1 branch of the dungeon, and saw 3 of its levels.

You collected 55 gold pieces.

Inventory:

Hand Weapons
 a - a +1 hand axe (weapon)
Missiles
 c - 3 boomerangs
Armour
 d - a +0 helmet (worn)
 f - a +0 chain mail (worn)
Jewellery
 e - a ring of protection from cold
Scrolls
 b - a scroll of teleportation (quivered) {unknown}
Potions
 g - a potion of invisibility


   Skills:
 - Level 5.1 Fighting
 - Level 4.0 Axes
 + Level 2.4 Armour
 - Level 2.4 Dodging
 - Level 1.5 Stealth


You had 3 spell levels left.
You didn't know any spells.
Your spell library was empty.

Dungeon Overview and Level Annotations

Branches:
Dungeon (3/15)

Altars:


Message History

2 orcs come into view.
The orc shouts! x2
The orc moves out of view.
The orc hits you with a +0 short sword.
You hit the orc.
The orc is moderately wounded.
You hit the orc. The orc hits you but does no damage. x3
You closely miss the orc.
The orc is moderately wounded.
You hit the orc. The orc hits you with a +0 hand axe.
The orc closely misses you.
You closely miss the orc.
The orc is heavily wounded.
You hit the orc. You hit the orc but do no damage. The orc barely misses you.
The orc hits you with a +0 flail. The orc hits you but does no damage.
You barely miss the orc.
The orc is severely wounded.
You closely miss the orc. You hit the orc but do no damage. You hit the orc.
The orc hits you with a +0 dagger. The orc hits you with a +0 hand axe.
The orc hits you with a +0 flail.
* * * LOW HITPOINT WARNING * * *
The orc hits you with a +0 short sword.
* * * LOW HITPOINT WARNING * * *
You hit the orc. You punch the orc, but do no damage.
The orc is heavily wounded.
You hit the orc but do no damage. You closely miss the orc. You hit the orc.
The orc barely misses you. The orc hits you with a +0 hand axe.
* * * LOW HITPOINT WARNING * * *
The orc hits you but does no damage. The orc barely misses you.
The orc closely misses you. The orc hits you with a +0 flail.
* * * LOW HITPOINT WARNING * * *
The orc hits you but does no damage.
Things that are here:
a +0 short sword; a +0 scale mail You see here a +0 shortbow.
Unknown command.
You closely miss the orc.
The orc is heavily wounded.
The orc hits you with a +0 dagger.
You die...

#.......# #.......#
####.......#
#.....?....#
####.......# #.......#
## ##†......#
#...#########...###.##
#.....@o))ooo........#
#...#####)o.#...###....
... .....<...#...# #♣ #
######.......#
#.......# ..##..?.#
#.#......# #. ♣ ♣♣..#
.♣ ♣.#


You could see 5 orcs.

Vanquished Creatures
  A worm (D:3)
  2 dart slugs
  9 orcs
  7 endoplasms
  2 giant cockroaches
  5 goblins (D:1)
  4 hobgoblins (D:1)
  3 jackals (D:1)
  2 quokkas
  2 ball pythons
  5 bats
  4 frilled lizards
  A kobold (D:1)
  4 rats
51 creatures vanquished.

Notes
Turn   | Place    | Note
-------+----------+-------------------------------------------
     0 | D:1      | horus123 the Hill Orc Monk began the quest for the Orb.
     0 | D:1      | Reached XP level 1. HP: 19/19 MP: 1/1
   187 | D:1      | Reached skill level 4 in Fighting
   241 | D:1      | Reached XP level 2. HP: 27/27 MP: 2/2
   589 | D:1      | Found a faded altar of an unknown god.
   609 | D:1      | You fall into a shaft and drop 1 floor!
   646 | D:1      | Reached XP level 3. HP: 35/35 MP: 3/3
   698 | D:1      | Reached skill level 5 in Fighting
  1559 | D:2      | Reached skill level 1 in Armour
  1748 | D:2      | Identified the +2 leather armour of the Vestibule of Hell
                  | {rF+ Will+ Str-2}
  2093 | D:3      | Reached XP level 4. HP: 42/42 MP: 4/4
  2411 | D:3      | HP: 1/42 [orc (2)]
  2419 | D:3      | Slain by an orc

Illustrated notes

Levels and vault maps discovered:
D:1:      lightli_arrival_maybe_door_vault, layout_basic,
          shapermc_ecumenical_altar_venn, amcnicky_mini_corridor_feature,
          ebering_dispersal_statue_hall, minmay_misc_feat_more_columns,
          minivault_25
D:2:      layout_basic
D:3:      kb_forest_paths, layout_rooms, serial_forest, infiniplex_forest_end_1,
          infiniplex_forest_end_1, infiniplex_forest_diagonal,
          infiniplex_forest_lined_3_way, infiniplex_forest_zigzag_1,
          uniq_natasha, uniq_grinder

Skill      XL: |  1  2  3 |
---------------+----------+-----
Fighting       | 4 5 |  5.1
Armour         | 2 |  2.4
Axes           | |  4.0
Dodging        | |  2.4
Stealth        | |  1.5

Action                   |  1- 3 |  4- 6 || total
-------------------------+-------+-------++-------
Melee: Hand axe          |   106 |    37 ||   143
       Punch             |     5 |     1 ||     6
Throw: Boomerang         |    18 |       ||    18
  Use: Scroll            |     3 |       ||     3
 Stab: Sleeping          |     1 |       ||     1
Armor: Robe              |    11 |       ||    11
       Chain mail        |    32 |    23 ||    55
Dodge: Dodged            |    56 |    12 ||    68

Table legend: (Time is in decaauts)
 A = Elapsed time spent in this place.
 B = Non-inter-level travel time spent in this place.
 C = Inter-level travel time spent in this place.
 D = Time resting spent in this place.
 E = Time spent auto-exploring this place.
 F = Levels seen in this place.
 G = Mean time per level.
                   A        B        C        D        E       F      G
               +--------+--------+--------+--------+--------+-----+--------+
         Total |   2439 |   2410 |     29 |      0 |   1928 |   3 |  813.0 |
       Dungeon |   2439 |   2410 |     29 |      0 |   1928 |   3 |  813.0 |
               +--------+--------+--------+--------+--------+-----+--------+

Top non-repeatable levels by time:
     D:1: 1497 daAuts
     D:2: 599 daAuts
     D:3: 342 daAuts
